AoeStats
← DK_Vamos Jefe de Equipo

Arabia

509975343Analyzed
1v1 RM · 2d ago on Sep 28, 2026· 37m 51s· 2 players
Game mode
Random Map
Map size
Tiny (2 player)
Population
200
Speed
Normal
Resources
Standard
Victory
Conquest
Starting age
Dark Age
Ending age
Imperial Age
RankedLock teamsTeams togetherTeam positionsShared explorationLock speedFull tech treeHidden civsTurbo modeCheats
Victory
Defeat
1278
+15
🇧🇷 Portuguese · Brazil
1254
-15
vendruco_mv
7:20 Loom
11:45 Feudal Age
15:00 Double-Bit Axe
16:54 Wheelbarrow
21:22 Castle Age
19:28 Fletching
21:15 Scale Barding Armor
20:58 Horse Collar
30:19 Gold Mining
31:18 Husbandry
31:48 Pikeman
33:16 Forging
35:59 Chain Barding Armor
35:40 Scale Mail Armor
36:31 Wheelbarrow
35:41 Town Watch
39:42 Imperial Age
38:01 Town Watch
DK_Vamos Jefe de Equipo
7:06 Loom
9:32 Feudal Age
10:12 Double-Bit Axe
15:56 Wheelbarrow
20:07 Castle Age
17:48 Horse Collar
18:00 Gold Mining
19:09 Bloodlines
21:10 Bow Saw
21:09 Scale Barding Armor
22:36 Chain Barding Armor
32:55 Fletching
33:42 Forging
34:02 Town Watch
37:38 Imperial Age
35:50 Bodkin Arrow
36:16 Hand Cart
36:44 Iron Casting
36:37 Heavy Plow
36:32 Stone Mining
37:27 Ballistics
37:03 Murder Holes
37:47 Masonry
38:42 Conscription
Connection lost

Rejoining the realm…

Still unreachable

The connection could not be restored.

Session expired

The server has moved on; the page needs a fresh start.